 Dungeon Crawl Stone Soup version 0.28.0-62-gf88900778d (webtiles) character file.

Game seed: 7178834247049314698

124481 cbfl8 the Executioner (level 16, -1/154 HPs)
             Began as a Minotaur Berserker on June 27, 2023.
             Was the Champion of Trog.
             Succumbed to a sea snake's poison
             ... on level 1 of the Shoals.
             The game lasted 00:37:20 (31826 turns).

cbfl8 the Executioner (Minotaur Berserker)         Turns: 31826, Time: 00:37:23

Health: -1/154     AC: 25    Str: 27    XL:     16   Next: 39%
Magic:  15/15      EV: 15    Int:  4    God:    Trog [******]
Gold:   1450       SH:  5    Dex: 25    Spells: 15/15 levels left

rFire   + . .      SeeInvis .   b - +6 battleaxe of Cymeinu {speed, Dex+6}
rCold   . . .      Faith    .   (shield currently unavailable)
rNeg    . . .      Spirit   .   r - +0 plate armour
rPois   .          Reflect  +   O - +2 hat {Stlth+}
rElec   .          Harm     .   (no cloak)
rCorr   .          Rampage  .   t - +2 pair of gloves
Will    +++..                   k - +2 pair of boots
Stlth   ..........              P - amulet "Ocaynes" {Reflect rF+ SH+5}
HPRegen 1.35/turn               K - +4 ring of evasion
MPRegen 0.14/turn               q - +6 ring of strength

@: lethally poisoned (-1 -> -11), strong-willed, regenerating
A: horns 2, retaliatory headbutt
a: Renounce Religion, Berserk, Trog's Hand, Brothers in Arms


You were on level 1 of the Shoals.
You worshipped Trog.
Trog was exalted by your worship.
You visited 4 branches of the dungeon, and saw 25 of its levels.
You also visited: Gauntlet.

You collected 2493 gold pieces.
You spent 1043 gold pieces at shops.

Inventory:

Hand Weapons
 b - the +6 battleaxe of Cymeinu (weapon) {speed, Dex+6}
   (You acquired it on level 4 of the Dungeon)

   Attacks with this weapon are significantly faster.
   Dex:       It affects your dexterity (+6).
 E - the +8 battleaxe of Orud {holy, rC+ Will+ Int+3}
   (You found it on level 12 of the Dungeon)

   It has been blessed by the Shining One to cause great damage to the undead
   and demons.
   Int:       It affects your intelligence (+3).
   rC:        It protects you from cold.
   Will:      It increases your willpower.
 H - a +6 vorpal broad axe
Missiles
 y - 3 throwing nets
Armour
 k - a +2 pair of boots (worn)
 r - a +0 plate armour (worn)
 t - a +2 pair of gloves (worn)
 O - a +2 hat of stealth (worn)
Jewellery
 q - a +6 ring of strength (right hand)
 K - a +4 ring of evasion (left hand)
 P - the amulet "Ocaynes" (around neck) {Reflect rF+ SH+5}
   (You found it in a Gauntlet)

   [amulet of reflection]

   It reflects blocked missile attacks.
   rF:        It protects you from fire.
   SH:        It affects your SH (+5).
 Q - a ring of poison resistance
Wands
 c - a wand of charming (16)
 i - a wand of mindburst (27)
 l - a wand of flame (24)
 o - a wand of paralysis (22)
 w - a wand of iceblast (19)
 z - a wand of acid (8)
 F - a wand of digging (6)
Scrolls
 e - 9 scrolls of fog
 f - 5 scrolls of fear
 h - 11 scrolls of teleportation
 j - 2 scrolls of holy word
 p - 3 scrolls of immolation
 u - 5 scrolls of magic mapping
 x - 5 scrolls of identify
 A - a scroll of silence
 G - 4 scrolls of blinking
Potions
 d - 2 potions of haste
 g - 6 potions of lignification
 m - 6 potions of might
 n - a potion of heal wounds
 s - 7 potions of curing
 v - a potion of resistance
 B - a potion of flight
 C - 2 potions of attraction
 D - a potion of cancellation
 I - a potion of berserk rage
 J - 8 potions of ambrosia
 L - 2 potions of invisibility
 R - 2 potions of mutation
Miscellaneous
 M - a piece from Xom's chessboard (15/15) (quivered)


   Skills:
 + Level 16.8 Fighting
 + Level 22.3 Axes
 + Level 14.5 Armour
 + Level 4.4 Dodging
 + Level 2.3 Stealth
 + Level 12.9 Evocations


You had 15 spell levels left.
You didn't know any spells.
Your spell library was empty.

Dungeon Overview and Level Annotations

Branches:
Dungeon (15/15)            Temple (0/1) D:6            Lair (6/6) D:9
 Shoals (2/4) Lair:3        Snake (0/4) Lair:2        Slime (0/5) Lair:6
    Orc (2/2) D:10            Elf (0/3) Orc:2        Vaults (0/5) D:14
 Depths (0/4) D:15        Gauntlet (visited)

Altars:
Cheibriados
Dithmenos
Elyvilon
Fedhas
Hepliaklqana
Nemelex Xobeh
Uskayaw
Vehumet
Wu Jian
Xom
Beogh

Shops:
D:3 [   D:7 !?   D:8 *   Orc:1 *(   Orc:2 ?!*(   Shoals:1 *

Portals:
Trove: D:11 (give 6 potions of haste)

Annotations:
D:9 3 runed translucent doors, Valamore's ghost, novice MiGl


Innate Abilities, Weirdness & Mutations

You have a pair of horns on your head.
You reflexively headbutt those who attack you in melee.


Message History

You are lethally poisoned!
The sea snake poisons you!
The merfolk hits you but does no damage.
You hit the merfolk.
The merfolk is heavily wounded.
You slash the merfolk! You barely miss the sea snake.
* * * LOW HITPOINT WARNING * * *
You feel extremely sick. The merfolk completely misses you.
Unknown command.
You feel better.
The sea snake bites you but does no damage.
You block the merfolk's attack. The snapping turtle misses you.
The merfolk misses you. The sea snake bites you!
* * * LOW HITPOINT WARNING * * *
You are lethally poisoned!
The sea snake poisons you!
You feel better. The merfolk hits you with a +0 trident.
* * * LOW HITPOINT WARNING * * *
The snapping turtle closely misses you. The merfolk misses you.
The sea snake bites you.
* * * LOW HITPOINT WARNING * * *
You are poisoned.
The sea snake poisons you!
Blink to where?
Press: ? - help, Dir - move target
Found 9 gold pieces.
Found an escape hatch in the floor.
As you read the scroll of blinking, it crumbles to dust.
* * * LOW HITPOINT WARNING * * *
You feel extremely sick.
Found a dyed leather armour.
You feel extremely sick.
There is an escape hatch in the ceiling here.
You feel very sick. You block the snapping turtle's attack.
The water elemental hits you!
* * * LOW HITPOINT WARNING * * *
The water elemental engulfs you in water!
A mysterious force pulls you upwards. The hatch slams shut behind you.
You gasp with relief as air once again reaches your lungs.
You die...

≈≈........≈≈≈≈≈≈≈≈≈≈≈≈≈≈≈≈≈≈≈≈≈≈≈
≈≈≈≈...≈≈≈≈≈≈≈P≈≈≈≈≈≈≈≈≈≈≈≈≈≈≈≈≈≈
≈≈≈≈...≈≈≈≈≈≈≈≈≈≈≈≈≈≈≈≈≈≈≈≈≈≈≈≈≈≈
≈≈≈≈≈≈≈≈≈≈≈≈≈≈≈≈≈≈≈≈≈≈≈≈≈≈≈≈≈≈≈≈≈
≈≈≈≈≈≈P≈≈≈≈≈≈≈≈≈≈≈≈≈≈≈≈≈≈≈≈≈≈≈≈≈≈
≈≈≈≈PP≈≈≈≈P≈≈≈≈≈≈≈≈≈≈≈≈≈≈≈≈≈≈≈≈≈≈
≈≈≈≈...≈≈P≈P≈≈≈≈≈≈≈≈≈≈≈≈≈≈≈≈≈≈≈≈≈
≈≈≈≈P#.≈≈≈≈P≈≈≈≈.≈≈≈≈≈≈≈≈≈≈≈≈≈≈≈≈
.≈≈≈..P≈≈≈PP≈≈≈.@.))≈≈.....≈≈≈≈≈≈
≈≈≈≈.≈PPP≈PPP≈≈..E.≈≈≈.....≈≈≈≈≈≈
≈≈≈≈≈≈≈≈≈≈PP≈≈≈....≈≈≈≈...≈≈≈≈≈≈≈
≈≈≈≈≈≈≈≈P≈..≈≈...≈≈≈≈.....≈≈≈≈≈≈≈
≈PPP≈.≈≈≈≈.(.....≈≈≈≈≈≈....≈≈≈≈≈≈
≈≈PP≈....P...##...≈≈≈≈≈≈##.≈≈≈≈≈≈
≈≈PPP.####...###....≈≈≈..##.≈≈≈≈≈
≈P≈≈≈P# ##..........≈≈......≈≈≈≈≈
≈P≈≈≈.###(......#............≈≈≈≈


You could see a water elemental.

Vanquished Creatures
  Gastronok (Lair:1)
  A stone giant (Orc:2)
  A quicksilver ooze (Gauntlet)
  A minotaur (Gauntlet)
  Azrael (D:15)
  3 fire dragons
  The ghost of Ukav Olo the Envoy of Void, a journeyman DsAK of Lugonu (Lair:3)
  Harold (D:8)
  9 hydras
  A vault guard (D:14)
  3 boulder beetles
  A catoblepas (Lair:6)
  A merfolk avatar (Lair:6)
  2 ogre magi (Orc:2)
  11 two-headed ogres
  7 centaur warriors
  Erica (D:9)
  3 tengu warriors
  8 death yaks
  Urug (D:12)
  2 thrashing horrors (Gauntlet)
  Nergalle (D:12)
  An orc high priest (Orc:2)
  2 sea snakes (Shoals:1)
  3 skeletal warriors (D:15)
  2 deep trolls (Orc:2)
  Pikel (D:5)
  6 cyclopes
  4 deep elf pyromancers
  18 ugly things
  4 harpies (Shoals:2)
  4 oklob plants (Lair:3)
  2 orc knights
  4 orc sorcerers
  5 fauns (Shoals:1)
  5 merfolk sirens
  9 manticores
  16 elephants
  A smoke demon (Gauntlet)
  3 black mambas
  Maggie (D:8)
  A torpor snail (Lair:3)
  Psyche (D:9)
  14 cane toads
  A molten gargoyle (Lair:6)
  4 rime drakes
  A kobold demonologist (D:14)
  15 komodo dragons
  A red devil (Gauntlet)
  6 merfolk (Shoals:1)
  A queen bee (Lair:3)
  15 trolls
  4 polar bears
  A tarantella (shapeshifter) (D:15)
  3 wind drakes
  21 dream sheep
  10 slime creatures
  2 snapping turtles (Lair:6)
  3 hornets
  4 blink frogs
  2 vampires
  70 yaks
  11 wyverns
  A small abomination (Gauntlet)
  2 wraiths
  7 shadows
  A water elemental (Lair:3)
  A fire elemental (D:15)
  8 vampire mosquitoes
  3 basilisks
  3 wargs (Orc:2)
  Edmund (D:5)
  An acid dragon (D:14)
  8 water moccasins
  A floating eye (Lair:3)
  7 hell hounds (D:15)
  2 meliai simulacra
  30 orc warriors
  2 black bears
  3 ice beasts
  2 sky beasts
  27 ogres
  8 centaurs
  2 kobold brigands (D:14)
  A lemure (D:5)
  2 gnoll sergeants
  16 bullfrogs
  A scorpion (D:6)
  A wyvern skeleton (D:7)
  26 killer bees (Lair:3)
  15 wights
  A howler monkey (D:7)
  6 electric eels
  3 crimson imps (Gauntlet)
  2 lava snakes (Lair:6)
  A centaur zombie (D:9)
  A bullfrog zombie (D:5)
  3 hounds (D:5)
  18 orc priests
  A bullfrog skeleton (D:6)
  4 jellies
  4 iguanas
  Ijyb (D:3)
  22 orc wizards
  A scorpion zombie (D:5)
  A killer bee zombie (D:8)
  A statue (D:9)
  Robin (D:4)
  10 gnolls
  A howler monkey skeleton (D:6)
  5 adders
  2 shadow imps
  A white imp (D:8)
  An adder skeleton (D:5)
  89 orcs
  6 ball pythons
  10 endoplasms
  4 giant cockroaches
  12 hobgoblins
  11 jackals
  12 kobolds
  4 quokkas
  4 bats
  5 frilled lizards
  12 goblins
  4 rats
789 creatures vanquished.

Vanquished Creatures (others)
  A lava snake (Lair:6)
  38 fungi
  82 plants
121 creatures vanquished.

Grand Total: 910 creatures vanquished

Notes
Turn   | Place    | Note
-------+----------+-------------------------------------------
     0 | D:1      | cbfl8 the Minotaur Berserker began the quest for the Orb.
     0 | D:1      | Reached XP level 1. HP: 19/19 MP: 0/0
    24 | D:1      | Found a faded altar of an unknown god.
   162 | D:1      | Reached XP level 2. HP: 27/27 MP: 1/1
   188 | D:1      | Reached skill level 4 in Axes
   383 | D:1      | Reached XP level 3. HP: 27/33 MP: 2/2
   476 | D:1      | Reached ** piety under Trog
   588 | D:1      | Reached skill level 1 in Evocations
  1213 | D:2      | Reached XP level 4. HP: 18/41 MP: 3/3
  1810 | D:2      | Identified the +11 mace "Huhejuopt" {vorpal, rN+}
  1990 | D:3      | Noticed Ijyb
  1999 | D:3      | Killed Ijyb
  2000 | D:3      | Reached skill level 5 in Axes
  2234 | D:3      | Reached XP level 5. HP: 47/47 MP: 4/4
  2550 | D:3      | Found Wang's Antique Armour Emporium.
  2603 | D:3      | Identified the +2 leather armour of Gatzak {rCorr Stlth+}
  3140 | D:4      | Found a white marble altar of Elyvilon.
  3189 | D:4      | Noticed Robin
  3190 | D:4      | Reached *** piety under Trog
  3197 | D:4      | Killed Robin
  3339 | D:4      | Identified a scroll of acquirement
  3340 | D:4      | Acquired the +6 battleaxe of Cymeinu {speed, Dex+6}
  3352 | D:5      | Entered Level 5 of the Dungeon
  3362 | D:5      | Reached skill level 5 in Fighting
  3401 | D:5      | Noticed a two-headed ogre
  3407 | D:5      | Killed a two-headed ogre
  3408 | D:5      | Reached skill level 7 in Axes
  3408 | D:5      | Reached skill level 1 in Stealth
  3408 | D:5      | Reached XP level 6. HP: 33/56 MP: 5/5
  3408 | D:5      | Reached XP level 7. HP: 36/61 MP: 6/6
  3587 | D:5      | Noticed Pikel
  3592 | D:5      | Reached skill level 8 in Axes
  3593 | D:5      | Killed Pikel
  3594 | D:5      | Reached skill level 9 in Axes
  3594 | D:5      | Reached XP level 8. HP: 70/70 MP: 7/7
  3777 | D:5      | Noticed Edmund
  3788 | D:5      | Killed Edmund
  3927 | D:5      | Reached skill level 5 in Armour
  4054 | D:5      | Reached skill level 10 in Axes
  4103 | D:5      | Found an ornate altar of the Wu Jian Council.
  4389 | D:5      | Reached XP level 9. HP: 77/78 MP: 8/8
  4783 | D:6      | Found a shadowy altar of Dithmenos.
  5466 | D:6      | Found a staircase to the Ecumenical Temple.
  5536 | D:6      | Reached **** piety under Trog
  5564 | D:6      | Reached skill level 11 in Axes
  5576 | D:6      | Found a shimmering altar of Xom.
  6008 | D:7      | Reached skill level 5 in Evocations
  6367 | D:7      | Found Ykuemn's Distillery.
  6374 | D:7      | Bought a potion of might for 52 gold pieces
  6765 | D:7      | Found Ravamez's Magic Scroll Shop.
  6769 | D:7      | Bought a scroll of teleportation for 42 gold pieces
  6769 | D:7      | Bought a scroll of blinking for 105 gold pieces
  6769 | D:7      | Bought a scroll of identify for 28 gold pieces
  6769 | D:7      | Bought a scroll of identify for 28 gold pieces
  6769 | D:7      | Bought a scroll of identify for 28 gold pieces
  6897 | D:7      | Reached skill level 12 in Axes
  7226 | D:8      | Reached XP level 10. HP: 79/86 MP: 9/9
  7401 | D:8      | Noticed Maggie
  7408 | D:8      | Killed Maggie
  7700 | D:8      | Found Jeyttun's General Store.
  7700 | D:8      | Noticed Harold
  7714 | D:8      | Killed Harold
  7715 | D:8      | Reached skill level 13 in Axes
  7833 | D:8      | Bought a scroll of teleportation for 42 gold pieces
  8031 | D:9      | Found a snail-covered altar of Cheibriados.
  8037 | D:9      | Found a blossoming altar of Fedhas.
  8042 | D:9      | Found a hazy altar of Hepliaklqana.
  8257 | D:9      | Reached ***** piety under Trog
  8443 | D:9      | Noticed Psyche
  8446 | D:9      | Killed Psyche
  8447 | D:9      | Reached skill level 14 in Axes
  8476 | D:9      | Found a radiant altar of Vehumet.
  8749 | D:9      | Found a staircase to the Lair.
  8775 | D:9      | Found a runed translucent gate.
  8776 | D:9      | Found a runed translucent gate.
  8776 | D:9      | Noticed Valamore's ghost (novice MiGl)
  8776 | D:9      | Identified the +0 chain mail of the Game of Life {rPois rC+
                  | Regen+ Str+6}
  8777 | D:9      | Found a runed translucent gate.
  9213 | D:10     | Entered Level 10 of the Dungeon
  9362 | D:10     | Noticed a +0 short sword
  9362 | D:10     | Noticed a +0 falchion
  9362 | D:10     | Noticed a +0 dagger
  9364 | D:10     | Noticed a +0 short sword
  9364 | D:10     | Noticed a +0 dagger
  9364 | D:10     | Noticed a +0 spear
  9367 | D:10     | Noticed a +0 spear
  9368 | D:10     | Noticed a +0 falchion
  9373 | D:10     | Found a hide-covered altar of Uskayaw.
  9578 | D:10     | Noticed Erica
  9604 | D:9      | Killed Erica
  9605 | D:9      | Reached XP level 11. HP: 36/95 MP: 10/10
 10530 | D:10     | Found a staircase to the Orcish Mines.
 10709 | D:11     | Reached skill level 15 in Axes
 11267 | D:11     | Found a portal to a secret trove of treasure.
 11565 | D:12     | Noticed a two-headed ogre
 11576 | D:12     | Killed a two-headed ogre
 11899 | D:12     | Noticed Urug
 11910 | D:12     | Killed Urug
 11911 | D:12     | Reached skill level 16 in Axes
 12077 | D:12     | Identified the +8 battleaxe of Orud {holy, rC+ Will+ Int+3}
 12223 | D:12     | Noticed a purple ugly thing
 12223 | D:12     | Noticed a green ugly thing
 12231 | D:12     | Killed a purple ugly thing
 12231 | D:12     | Received a gift from Trog
 12234 | D:12     | Killed a green ugly thing
 12427 | D:12     | Noticed Nergalle
 12446 | D:12     | Killed Nergalle
 12447 | D:12     | Reached XP level 12. HP: 100/106 MP: 11/11
 13171 | D:13     | Noticed a boulder beetle
 13182 | D:13     | Killed a boulder beetle
 13183 | D:13     | Reached skill level 10 in Fighting
 13201 | D:13     | Noticed a centaur warrior
 13208 | D:13     | Killed a centaur warrior
 13209 | D:13     | Reached skill level 17 in Axes
 13396 | D:13     | Noticed a tengu warrior
 13412 | D:13     | Killed a tengu warrior
 13906 | D:14     | Noticed a tengu warrior
 13907 | D:14     | Noticed a seven-headed hydra
 13917 | D:14     | Killed a tengu warrior
 13921 | D:14     | Killed a 15-headed hydra
 14703 | D:13     | Reached skill level 10 in Armour
 15124 | D:14     | Noticed a centaur warrior
 15125 | D:14     | Noticed a fire dragon
 15129 | D:14     | Noticed a tengu warrior
 15132 | D:14     | Killed a centaur warrior
 15133 | D:14     | Reached skill level 18 in Axes
 15137 | D:14     | Killed a fire dragon
 15143 | D:14     | Killed a tengu warrior
 15144 | D:14     | Reached XP level 13. HP: 95/116 MP: 12/12
 15522 | D:14     | Found a gate to the Vaults.
 15886 | D:14     | Found a sparkling altar of Nemelex Xobeh.
 15902 | D:14     | Identified the +4 bardiche "Wonaku" {holy, rElec Int+4
                  | Dex-2}
 16260 | D:15     | Entered Level 15 of the Dungeon
 16336 | D:15     | Reached skill level 10 in Evocations
 17252 | D:15     | Reached skill level 19 in Axes
 17405 | D:15     | Noticed Azrael
 17425 | D:15     | Killed Azrael
 18089 | D:15     | Noticed a fire dragon
 18089 | D:15     | Noticed a fire dragon
 18102 | D:15     | Killed a fire dragon
 18106 | D:15     | Killed a fire dragon
 18160 | D:15     | Found a staircase to the Depths.
 18383 | Lair:1   | Entered Level 1 of the Lair of Beasts
 18400 | Lair:1   | Identified the +5 giant spiked club "Jyroixa" {speed,
                  | *Noise rF+ Dex+3}
 18772 | Lair:1   | Noticed Gastronok
 18784 | Lair:1   | Killed Gastronok
 18789 | Lair:1   | Reached XP level 14. HP: 122/127 MP: 13/13
 19019 | Lair:2   | Found a gate leading to a gauntlet.
 19028 | Gauntlet | Entered a Gauntlet
 19028 | Gauntlet | Found a transporter.
 19103 | Gauntlet | Found a transporter.
 19103 | Gauntlet | Found a transporter.
 19104 | Gauntlet | Found a transporter.
 19115 | Gauntlet | Found a transporter.
 19116 | Gauntlet | Found a transporter.
 19126 | Gauntlet | Found a transporter.
 19128 | Gauntlet | Found a transporter.
 19129 | Gauntlet | Found a transporter.
 19131 | Gauntlet | Noticed a quicksilver ooze
 19137 | Gauntlet | Found a transporter.
 19140 | Gauntlet | Found a transporter.
 19141 | Gauntlet | Found a transporter.
 19173 | Gauntlet | Found a transporter.
 19293 | Gauntlet | Found a transporter.
 19796 | Gauntlet | Identified the amulet "Ocaynes" {Reflect rF+ SH+5}
 19831 | Gauntlet | Killed a quicksilver ooze
 19868 | Gauntlet | Reached skill level 20 in Axes
 19892 | Gauntlet | Identified the +9 arbalest of Grontol {elec, rC+ Dex+2}
 20450 | Lair:2   | Found a staircase to the Snake Pit.
 20677 | Lair:2   | You fall into a shaft and drop 1 floor!
 21216 | Lair:3   | Found a staircase to the Shoals.
 21235 | Lair:3   | Noticed Ukav Olo's ghost (journeyman DsAK)
 21242 | Lair:3   | Found a runed translucent door.
 21251 | Lair:3   | Received a gift from Trog
 21774 | Lair:3   | Paralysed by a floating eye for 2 turns
 21780 | Lair:3   | Paralysed by a floating eye for 3 turns
 21785 | Lair:3   | Paralysed by a floating eye for 4 turns
 21794 | Lair:3   | Paralysed by a floating eye for 4 turns
 21806 | Lair:3   | Paralysed by a floating eye for 3 turns
 22205 | Lair:3   | Killed Ukav Olo's ghost
 23845 | Lair:4   | Reached XP level 15. HP: 139/139 MP: 14/14
 24951 | Lair:5   | Reached skill level 21 in Axes
 25488 | Lair:5   | Identified the +8 halberd "Ohumeb" {freeze, Str+4}
 25632 | Lair:6   | Entered Level 6 of the Lair of Beasts
 25869 | Lair:6   | Reached skill level 15 in Fighting
 26160 | Lair:6   | Identified the +4 long sword "Waemnil" {vamp, +Blink rPois
                  | rF- SInv}
 26404 | Lair:6   | Received a gift from Trog
 26928 | Lair:6   | Found a staircase to the Slime Pits.
 27768 | Lair:6   | Found the +5 demon whip "Spellbinder" {antimagic, Will+}
 27796 | Lair:6   | Identified the +7 trident of Infinity {drain, rPois rF++
                  | MP+9}
 27802 | Lair:6   | Identified the +1 scale mail of the Devil's Advocate {rC+}
 27982 | Orc:1    | Entered Level 1 of the Orcish Mines
 28087 | Orc:1    | Found Tienk's Weapon Shoppe.
 28249 | Orc:1    | Found Ahimuo's CLEARANCE SALE!.
 28436 | Orc:2    | Entered Level 2 of the Orcish Mines
 28585 | Orc:2    | Reached ****** piety under Trog
 28628 | Orc:2    | Received a gift from Trog
 28864 | Orc:2    | Found a staircase to the Elven Halls.
 29098 | Orc:2    | Found Feuwua Qeodi's General Store.
 29115 | Orc:2    | Found Needaw's Magic Scroll Boutique.
 29136 | Orc:2    | Reached XP level 16. HP: 151/151 MP: 15/15
 29413 | Orc:2    | Reached skill level 22 in Axes
 29440 | Orc:2    | Found Voulleahi's Antique Weapon Emporium.
 29447 | Orc:2    | Found Usirim's Distillery.
 29594 | Orc:2    | Bought a scroll of identify for 24 gold pieces
 29594 | Orc:2    | Bought a scroll of brand weapon for 240 gold pieces
 29594 | Orc:2    | Bought a wand of mindburst (9) for 156 gold pieces
 29766 | Orc:2    | Bought a scroll of blinking for 112 gold pieces
 29766 | Orc:2    | Bought a scroll of identify for 30 gold pieces
 29766 | Orc:2    | Bought a scroll of identify for 30 gold pieces
 29932 | Shoals:1 | Entered Level 1 of the Shoals
 30539 | Shoals:1 | Received a gift from Trog
 30898 | Shoals:1 | Found Naumiwe's General Store.
 30906 | Shoals:1 | Bought a scroll of enchant armour for 90 gold pieces
 30906 | Shoals:1 | Bought a potion of flight for 36 gold pieces
 31825 | Shoals:2 | HP: 4/154 [water elemental (14)]
 31826 | Shoals:1 | Succumbed to a sea snake's poison

Illustrated notes

Levels and vault maps discovered:
D:1:      amcnicky_arrival_choice, layout_loops_ring,
          hellmonk_ecumenical_altar_pennies_from_heaven
D:2:      layout_basic
D:3:      layout_rooms, serial_glass, glass_columns_b, glass_columns_c,
          minmay_strange_pillars, serial_shops, shop,
          minmay_misc_feat_nine_boxes, palyth_stone_intersect,
          amcnicky_mini_corridor_feature, uniq_ijyb
D:4:      corexii_shack_village, layout_gridville,
          mainiacjoe_overflow_six_doors_small, nicolae_underground_beach,
          uniq_robin
D:5:      layout_basic, mainiacjoe_overflow_small_starburst,
          minmay_strange_pillars, uniq_pikel, uniq_edmund
D:6:      layout_loops_ring, mainiacjoe_overflow_alcove_4, lemuel_tele_altar,
          minmay_temple_entry_statues_fountains, serial_bayou_ford_a,
          minmay_misc_feat_chi
D:7:      wad_crossroads, layout_loops_cross, serial_shops, shop,
          shop_fountains, serial_co_window_serial, co_window_paths_a,
          co_window_corner_a, co_window_paths_b, co_window_of_opportunity_a,
          co_window_corner_a, co_window_paths_c, co_window_corner_b,
          co_window_corner_b, co_window_broadway_b, co_window_unsneaky_path_a,
          co_window_of_opportunity_b, co_window_2corner, glass_columns_c,
          glass_columns_a, glass_columns_a
D:8:      layout_basic, serial_shops, nicolae_shop_advertising_works
          [nicolae_subvault_shop_adworks], uniq_maggie, uniq_harold
D:9:      layout_roguey, minmay_overflow_temple_star_quad, vehumet_statue,
          lair_entry_dummy, biasface_ghost_orc_armoury, special_room
          [special_room_orc], uniq_psyche
D:10:     layout_loops_ring, nicolae_uskayaw_en_pointe, david_orc_4, uniq_erica
D:11:     layout_roguey, enter_trove_3
D:12:     layout_cave_pools, uniq_nergalle, uniq_urug
D:13:     layout_irregular_city
D:14:     layout_cave_pools, david_vaults_5, special_room [special_room_orc],
          chequers_serial_rivers_small_b, hellmonk_bongcloud_opening,
          nemelex_xobeh_ov_fountains_minmay
D:15:     grunt_enter_depths_hoard, layout_irregular_city, uniq_azrael
Lair:1:   layout_big_grid, infiniplex_staircase_pool_2, uniq_gastronok
Lair:2:   layout_long_grid, dummy_snake_entry, gauntlet_entry_generic,
          grunt_megastairs_4
Lair:3:   layout_roguey [special_room_bee], minmay_shoals_entry_beasts,
          serial_rivers, chequers_serial_rivers_micro_b,
          chequers_serial_rivers_micro_d, chequers_serial_rivers_small_a,
          chequers_serial_rivers_large_b, chequers_serial_rivers_micro_d,
          chequers_serial_rivers_marsh, hellmonk_ghost_happy_afterlife,
          disabler_island
Lair:4:   layout_layer_cave
Lair:5:   layout_regular_city, serial_bayou_shore_b
Lair:6:   gammafunk_lair_ancient_temple, layout_misc_corridors,
          nicolae_slime_entry_slimehenge, nicolae_lair_liquid_snakes
Shoals:1: layout_shoals, serial_shops, nicolae_shop_hallway_stairs
Shoals:2: cheibrodos_shoals_roost, layout_shoals,
          nicolae_shoals_elemental_ambush
Orc:1:    layout_caves, serial_shops, nicolae_diamond_shop,
          nicolae_shop_clearance
Orc:2:    st_orc_open, layout_diamond_mine

Skill      XL: |  1  2  3  4  5  6  7  8  9 10 11 12 13 14 15 16 |
---------------+-------------------------------------------------+-----
Fighting       | 4 5 6 7 8 9 11 12 14 16 | 16.8
Axes           | 4 5 7 9 10 12 14 16 18 19 20 21 22 | 22.3
Evocations     | 1 3 4 5 6 8 9 10 11 12 | 12.9
Dodging        | 3 4 |  4.4
Armour         | 4 5 6 7 8 10 11 12 13 14 | 14.5
Stealth        | 1 2 |  2.3

Action                   |  1- 3 |  4- 6 |  7- 9 | 10-12 | 13-15 | 16-18 || total
-------------------------+-------+-------+-------+-------+-------+-------++-------
Melee: Hand axe          |    62 |     1 |       |       |       |       ||    63
       Headbutt          |     6 |    12 |    26 |    98 |   255 |    41 ||   438
       War axe           |       |    88 |       |       |       |       ||    88
       Battleaxe         |       |     8 |   140 |   410 |  1033 |   152 ||  1743
Invok: Berserk           |     1 |     1 |     1 |     6 |    12 |       ||    21
       Trog's Hand       |       |       |       |       |     2 |     1 ||     3
Evoke: Wand              |       |       |     3 |       |     9 |       ||    12
       Piece from Xom's  |       |       |       |       |     1 |       ||     1
  Use: Scroll            |       |     6 |     6 |    12 |    12 |     9 ||    45
       Potion            |       |       |       |       |     2 |     4 ||     6
Armor: Animal skin       |    14 |    11 |       |       |       |       ||    25
       Plate armour      |       |    20 |    75 |   191 |   332 |    92 ||   710
Dodge: Dodged            |    51 |    42 |    55 |   116 |   359 |    81 ||   704
Block: Kite shield       |       |     8 |       |       |       |       ||     8
       Other             |       |       |       |    56 |   128 |    41 ||   225
       Reflection        |       |       |       |     4 |     1 |     8 ||    13
